 Dungeon Crawl Stone Soup version 0.31-a0-232-gb1c03b2570 (webtiles) character file.

Game seed: 9611243316657443772

1556 qw the Skirmisher (level 8, -5/70 HPs)
             Began as a Minotaur Hexslinger on July 7, 2023.
             Hit by a boomerang of dispersal thrown by an orc warrior (10 damage)
             ... on level 6 of the Dungeon.
             The game lasted 00:01:32 (3980 turns).

qw the Skirmisher (Minotaur Hexslinger)             Turns: 3980, Time: 00:01:33

Health: -5/70      AC:  5    Str: 12    XL:     8   Next: 58%
Magic:  8/8        EV: 13    Int: 10    God:
Gold:   194        SH:  0    Dex: 16    Spells: 8/9 levels left

rFire   + . .        Y - +4 orcbow (elec)
rCold   . . .        (shield currently unavailable)
rNeg    + . .        h - +0 troll leather armour {Pargi}
rPois   .            (helmet restricted)
rElec   .            (no cloak)
rCorr   .            e - +0 pair of gloves
SInv    .            (no boots)
Will    .....        (no amulet)
Stlth   +            c - ring of positive energy
HPRegen 1.11/turn    i - ring of protection from fire
MPRegen 0.11/turn

%: no passive effects
@: about to teleport
A: horns 2, retaliatory headbutt
a: no special abilities


You were on level 6 of the Dungeon.
You visited 2 branches of the dungeon, and saw 7 of its levels.
You also visited: Sewer.

You collected 287 gold pieces.
You spent 93 gold pieces at shops.


Innate Abilities, Weirdness & Mutations

You have a pair of horns on your head.
You reflexively headbutt those who attack you in melee.


   Skills:
 - Level 6.1 Fighting
 - Level 10.0 Ranged Weapons
 - Level 2.0 Armour
 + Level 3.7 Dodging
 - Level 1.0 Spellcasting
 - Level 2.0 Hexes


You had 8 spell levels left.
You knew the following spells:

 Your Spells              Type           Power      Damage    Failure   Level
a - Slow                  Hex            16%        N/A       19%         1

Your spell library contained the following spells:

 Spells                   Type           Power      Damage    Failure   Level
 Inner Flame              Hex/Fire       2%         N/A       65%         3
 Portal Projectile        Hex/Tloc       4%         N/A       65%         3
 Cause Fear               Hex            2%         N/A       88%         4

Inventory:

Hand Weapons
 Y - a +4 orcbow of electrocution (weapon)
Armour
 e - a +0 pair of gloves (worn)
 h - a +0 troll leather armour (worn) {Pargi}
Jewellery
 c - a ring of positive energy (left hand)
 i - a ring of protection from fire (right hand)
Scrolls
 a - a scroll of teleportation
 d - a scroll of identify
Potions
 b - a potion of enlightenment
 j - a potion of curing
 k - a potion of mutation {unknown}
 l - a potion of berserk rage {unknown}

Dungeon Overview and Level Annotations

Branches:
Dungeon (6/15)             Temple (1/1) D:4           Sewer (visited)

Altars:
Ashenzari
Cheibriados
Dithmenos
Elyvilon
Gozag
Hepliaklqana
Kikubaaqudgha
Makhleb
Nemelex Xobeh
Qazlal
Ru
Sif Muna
Trog
Uskayaw
Vehumet
Wu Jian
Xom
Yredelemnul
The Shining One

Shops:
D:2 ***[*


Message History

The orc priest hits you with a +0 hand axe.
The orc wizard points at you and mumbles some strange words.
The magic dart hits you.
You shoot an arrow. The arrow barely misses the orc priest.
The orc priest hits you but does no damage.
The orc wizard gestures at you while chanting.
The magic dart hits you. The orc warrior closely misses you.
You shoot an arrow. The arrow hits the orc priest!
The orc priest is severely wounded.
The orc priest hits you with a +0 hand axe.
The orc warrior hits you from afar with a +0 halberd!
The orc wizard hits you with a +0 dagger.
You shoot an arrow. The arrow hits the orc priest!
You kill the orc priest!
The orc warrior barely misses you. The orc wizard closely misses you.
You shoot an arrow. The arrow hits the orc wizard!
The orc wizard is severely wounded.
The orc warrior hits you from afar with a +0 halberd!
The orc wizard hits you but does no damage.
You shoot an arrow. The arrow hits the orc wizard!
Lightning courses through the orc wizard!
You kill the orc wizard!
The orc warrior barely misses you.
You shoot an arrow. The arrow hits the orc warrior!
Lightning courses through the orc warrior!
The orc warrior is almost dead.
The orc warrior hits you from afar with a +0 halberd!
You shoot an arrow.
The arrow hits the orc warrior but does no damage.
The orc warrior is almost dead.
The orc warrior hits you from afar with a +0 halberd.
You shoot an arrow. The arrow hits the orc warrior.
The orc warrior is almost dead.
The orc warrior hits you from afar with a +0 halberd!
3980 ||| READING 2 scrolls of teleportation.
As you read the scroll of teleportation, it crumbles to dust.
You feel strangely unstable.
The orc warrior throws a boomerang of dispersal.
The boomerang of dispersal hits you!
You die...

.. #............#
....###............#
#......##.########
#####..##.# ##.....#
.#...##.#####
..............##
~~~~~~~~..####..##.##..
.......~.## ##@.......
.#####.~.# #o))...##..
#.~........####
#.~....)#### ..~...##
##. .> .


You could see an orc warrior.

Vanquished Creatures
  Edmund (D:4)
  A water moccasin (Sewer)
  An orc warrior (D:6)
  Pargi (D:3)
  A black bear (D:5)
  A centaur (D:5)
  An ogre (D:4)
  A phantom (D:6)
  2 scorpions (D:3)
  A howler monkey (D:5)
  2 jellies
  A crimson imp (D:4)
  4 orc priests
  A hound (D:5)
  2 iguanas (D:5)
  Jessica (D:3)
  Ijyb (D:4)
  Terence (D:3)
  Natasha (D:3)
  3 orc wizards
  4 gnolls (D:3)
  5 adders
  A shadow imp (D:6)
  A white imp (D:4)
  2 worms
  3 dart slugs
  6 orcs
  4 endoplasms
  7 giant cockroaches
  9 hobgoblins
  4 jackals (D:4)
  4 quokkas
  10 ball pythons
  8 bats
  3 frilled lizards
  7 goblins
  9 kobolds
  6 rats
121 creatures vanquished.

Notes
Turn   | Place    | Note
-------+----------+-------------------------------------------
     0 | D:1      | qw the Minotaur Hexslinger began the quest for the Orb.
     0 | D:1      | Reached XP level 1. HP: 16/16 MP: 1/1
     0 | D:1      | 0 ||| qw: Version: 0.3-a-46-gb1f654a
     0 | D:1      | 0 ||| qw: Game counter: 2675
     0 | D:1      | 0 ||| qw: Melee chars always use a shield: true
     0 | D:1      | 0 ||| qw: God list: Okawaru
     0 | D:1      | 0 ||| qw: Allow faded altars: false
     0 | D:1      | 0 ||| qw: Do Orc after clearing Dungeon:15 true
     0 | D:1      | 0 ||| qw: Do second Lair branch before Depths: true
     0 | D:1      | 0 ||| qw: Lair rune preference: random
     0 | D:1      | 0 ||| qw: Goals: Normal
     0 | D:1      | 0 ||| PLANNING D:1-11
   179 | D:1      | Reached skill level 3 in Ranged Weapons
   229 | D:1      | Reached XP level 2. HP: 23/23 MP: 2/2
   420 | D:1      | HP: 6/24 [poisoned by a goblin]
   711 | D:1      | 711 ||| READING scroll labelled JUTWAO ALLOSHRE.
   712 | D:1      | 712 ||| READING scroll labelled OROUZX RYRE.
   713 | D:1      | 713 ||| DROPPING scroll of poison.
   785 | D:2      | Found Pekagoan's General Store.
   795 | D:2      | 795 ||| BUYING +0 leather armour (22 gold).
   795 | D:2      | Bought a +0 leather armour for 22 gold pieces
   795 | D:2      | 795 ||| SHOPLISTING +0 leather armour of poison resistance
                  | (66 gold, have 62).
   795 | D:2      | 795 ||| BUYING +0 ring mail (44 gold).
   795 | D:2      | Bought a +0 ring mail for 44 gold pieces
   795 | D:2      | 795 ||| SHOPLISTING 2 potions of mutation (176 gold, have
                  | 18).
   795 | D:2      | 795 ||| SHOPLISTING scroll of identify (22 gold, have 18).
   806 | D:2      | Reached XP level 3. HP: 29/29 MP: 3/3
   848 | D:2      | Found Qiveanoc's Armour Boutique.
   860 | D:2      | 860 ||| SHOPLISTING +0 pair of boots (54 gold, have 22).
   860 | D:2      | 860 ||| SHOPLISTING +1 leather armour of fire resistance
                  | (168 gold, have 22).
   933 | D:2      | Found Gomuec's Assorted Antiques.
   936 | D:2      | 936 ||| SHOPLISTING 2 scrolls labelled RIUGHE KEVO (48
                  | gold, have 22).
   936 | D:2      | 936 ||| SHOPLISTING cloak (108 gold, have 22).
   936 | D:2      | 936 ||| SHOPLISTING scroll labelled CYUMICW GIOBB (24 gold,
                  | have 22).
   936 | D:2      | 936 ||| SHOPLISTING scroll labelled NIAHUELAYXKU (24 gold,
                  | have 22).
   936 | D:2      | 936 ||| SHOPLISTING scroll of identify (48 gold, have 22).
   978 | D:2      | Reached skill level 4 in Ranged Weapons
  1012 | D:2      | Reached XP level 4. HP: 36/36 MP: 4/4
  1139 | D:2      | Found Bafuhurph's Assorted Antiques.
  1147 | D:2      | 1147 ||| SHOPLISTING 2 black potions (48 gold, have 34).
  1147 | D:2      | 1147 ||| SHOPLISTING 3 scrolls labelled WUFEFIUDWY (81
                  | gold, have 34).
  1147 | D:2      | 1147 ||| BUYING scroll labelled BESUBROHOI (27 gold).
  1147 | D:2      | Bought a scroll labelled BESUBROHOI for 27 gold pieces
  1147 | D:2      | 1147 ||| SHOPLISTING scroll labelled NIAHUELAYXKU (27 gold,
                  | have 7).
  1147 | D:2      | 1147 ||| SHOPLISTING scroll labelled ORGHIS DOPICK (27
                  | gold, have 7).
  1147 | D:2      | 1147 ||| SHOPLISTING scroll labelled UCKUPH FOULUCH (27
                  | gold, have 7).
  1147 | D:2      | 1147 ||| SHOPLISTING scroll of identify (54 gold, have 7).
  1150 | D:2      | Found Pepnier's General Store.
  1228 | D:2      | 1228 ||| UPGRADING to +0 leather armour.
  1238 | D:2      | 1238 ||| UPGRADING to +0 ring mail.
  1248 | D:2      | 1248 ||| DROPPING +0 leather armour.
  1249 | D:2      | 1249 ||| DROPPING +0 robe.
  1250 | D:2      | 1250 ||| READING scroll labelled BESUBROHOI.
  1250 | D:2      | 1250 ||| ACQUIRING +4 orcbow of freezing
  1250 | D:2      | Acquired a +4 orcbow of freezing
  1252 | D:2      | 1252 ||| SWAPPING to +4 orcbow of freezing.
  1253 | D:2      | 1253 ||| DROPPING +1 sling.
  1358 | D:3      | Noticed Jessica
  1363 | D:3      | Killed Jessica
  1363 | D:3      | Noticed a scorpion
  1371 | D:3      | Killed a scorpion
  1372 | D:3      | Reached skill level 5 in Ranged Weapons
  1372 | D:3      | Reached XP level 5. HP: 25/41 MP: 5/5
  1528 | D:3      | Noticed Pargi
  1539 | D:3      | Killed Pargi
  1577 | D:3      | Noticed Natasha
  1578 | D:3      | 1578 ||| Stepping ~*~*~tactically~*~*~ (outnumbered).
  1584 | D:3      | Killed Natasha
  1585 | D:3      | Reached XP level 6. HP: 37/52 MP: 6/6
  1681 | D:3      | Found an ornate altar of the Wu Jian Council.
  1695 | D:3      | Reached skill level 6 in Ranged Weapons
  1777 | D:3      | Noticed Terence
  1785 | D:3      | Killed Terence
  2303 | D:3      | 2303 ||| UPGRADING to +0 pair of gloves.
  2308 | D:3      | 2308 ||| UPGRADING to +0 troll leather armour {Pargi}.
  2318 | D:3      | 2318 ||| DROPPING +0 ring mail.
  2319 | D:3      | 2319 ||| UPGRADING to ring of positive energy.
  2320 | D:3      | 2320 ||| UPGRADING to ring of protection from fire.
  2321 | D:3      | 2321 ||| READING 3 scrolls of identify.
  2321 | D:3      | 2321 ||| IDENTIFYING murky white potion
  2322 | D:3      | 2322 ||| READING 2 scrolls of identify.
  2322 | D:3      | 2322 ||| IDENTIFYING emerald potion
  2323 | D:3      | 2323 ||| DROPPING potion of invisibility.
  2324 | D:3      | 2324 ||| DROPPING potion of degeneration.
  2349 | D:4      | 2349 ||| PLANNING SEWER
  2538 | D:4      | Found a staircase to the Ecumenical Temple.
  2601 | D:4      | Noticed Ijyb
  2611 | D:4      | Killed Ijyb
  2700 | D:4      | Found a glowing drain.
  2701 | D:4      | 2701 ||| READING scroll labelled WUFEFIUDWY.
  2702 | D:4      | 2702 ||| READING scroll labelled CUSUMUORRA.
  2767 | Sewer    | Entered a sewer
  2799 | Sewer    | Noticed a water moccasin
  2803 | Sewer    | Killed a water moccasin
  2804 | Sewer    | Reached skill level 7 in Ranged Weapons
  2804 | Sewer    | Reached XP level 7. HP: 43/59 MP: 7/7
  2920 | Sewer    | 2920 ||| READING scroll labelled ORGHIS DOPICK.
  2921 | Sewer    | 2921 ||| READING scroll labelled JEULIT OPLIP.
  2935 | D:4      | 2935 ||| PLANNING TEMPLE
  3003 | Temple   | Entered the Ecumenical Temple
  3004 | Temple   | 3004 ||| PLANNING D:1-11
  3119 | D:4      | Noticed Edmund
  3124 | D:4      | Killed Edmund
  3125 | D:4      | Reached skill level 8 in Ranged Weapons
  3313 | D:4      | 3313 ||| READING scroll labelled JUPHEK JEEFO.
  3343 | D:5      | Entered Level 5 of the Dungeon
  3484 | D:5      | Reached skill level 3 in Dodging
  3590 | D:5      | Reached XP level 8. HP: 68/68 MP: 8/8
  3599 | D:5      | Reached skill level 9 in Ranged Weapons
  3764 | D:5      | Reached skill level 6 in Fighting
  3843 | D:5      | 3843 ||| READING 2 scrolls labelled CYUMICW GIOBB.
  3844 | D:5      | 3844 ||| DRINKING 2 purple potions.
  3845 | D:5      | 3845 ||| DRINKING 2 metallic red potions.
  3846 | D:5      | 3846 ||| READING 2 scrolls of identify.
  3846 | D:5      | 3846 ||| IDENTIFYING fuming puce potion
  3847 | D:5      | 3847 ||| DROPPING potion of brilliance.
  3848 | D:5      | 3848 ||| DROPPING scroll of immolation.
  3907 | D:6      | Reached skill level 10 in Ranged Weapons
  3907 | D:6      | 3907 ||| FLEEEEING.
  3908 | D:6      | 3908 ||| FLEEEEING.
  3909 | D:6      | 3909 ||| FLEEEEING.
  3910 | D:6      | 3910 ||| STAIRDANCE
  3961 | D:6      | 3961 ||| Stepping ~*~*~tactically~*~*~ (outnumbered).
  3963 | D:6      | 3963 ||| Stepping ~*~*~tactically~*~*~ (outnumbered).
  3965 | D:6      | 3965 ||| Stepping ~*~*~tactically~*~*~ (outnumbered).
  3967 | D:6      | 3967 ||| Stepping ~*~*~tactically~*~*~ (outnumbered).
  3969 | D:6      | 3969 ||| Stepping ~*~*~tactically~*~*~ (outnumbered).
  3979 | D:6      | HP: 3/70 [orc warrior/+0 halberd (17)]
  3980 | D:6      | 3980 ||| READING 2 scrolls of teleportation.
  3980 | D:6      | Hit by a boomerang of dispersal thrown by an orc warrior

Levels and vault maps discovered:
D:1:      dpeg_arrival_concentric_ovals, layout_loops_ring
D:2:      layout_rooms, serial_shops, nicolae_shop_competitors_out_of_business,
          nicolae_shop_behind_doors, shop, nicolae_shop_tiny_real_fake_doors,
          shop
D:3:      layout_loops_ring, mainiacjoe_overflow_concentric_impassable,
          patterned_corridor, uniq_pargi, uniq_terence, uniq_natasha,
          uniq_jessica
D:4:      layout_gridville, minmay_temple_entry_drinking_statues,
          cheibrodos_sewer_entry_bend, minmay_fire_ice_demons, uniq_ijyb,
          uniq_edmund
D:5:      layout_gridville
D:6:      layout_rooms, mainiacjoe_overflow_brackets, serial_curves,
          eino_curves_02, eino_curves_02, eino_curves_03
Temple:   nicolae_temple_no_exploring_needed

Skill      XL: |  1  2  3  4  5  6  7  8 |
---------------+-------------------------+-----
Ranged Weapons | 3 4 5 7 8 10 | 10.0
Fighting       | 2 4 5 6 |  6.1
Armour         | 2 |  2.0
Dodging        | 3 |  3.7
Spellcasting   | |  1.0
Hexes          | |  2.0

Action                     |  1- 3 |  4- 6 |  7- 9 || total
---------------------------+-------+-------+-------++-------
   Fire: Sling             |    89 |     8 |       ||    97
         Orcbow            |       |   113 |    96 ||   209
    Use: Scroll            |     2 |     5 |     6 ||    13
         Potion            |       |       |     2 ||     2
 Armour: Robe              |     4 |       |       ||     4
         Ring mail         |       |     8 |       ||     8
         Troll leather arm |       |     5 |     8 ||    13
  Dodge: Dodged            |    31 |    40 |    17 ||    88

Table legend:
 A = Non-vault XP
 B = Vault XP
 C = Vault XP percentage of total XP
 D = Non-vault monster count
 E = Vault monster count
 F = Vault count percentage of total count
                 A         B        C        D         E       F
            +---------+---------+-------+---------+---------+-------
      Total |    1551 |     672 |  30.2 |     104 |      17 |  14.0
            +---------+---------+-------+---------+---------+-------
        D:1 |      37 |       0 |   0.0 |      21 |       0 |   0.0
        D:2 |      69 |       0 |   0.0 |      22 |       0 |   0.0
        D:3 |     253 |     244 |  49.1 |      23 |       4 |  14.8
        D:4 |     132 |     259 |  66.2 |      12 |       5 |  29.4
        D:5 |     601 |       0 |   0.0 |      16 |       0 |   0.0
        D:6 |     459 |       0 |   0.0 |      10 |       0 |   0.0
      Sewer |       0 |     169 | 100.0 |       0 |       8 | 100.0
            +---------+---------+-------+---------+---------+-------
